 Dungeon Crawl Stone Soup version 0.18-a0-1180-g64ccc1e (webtiles) character file.

91 namelastname112 the Scratcher (level 4, -5/19 HPs)
             Began as a Felid Transmuter on Jan 27, 2016.
             Killed by divine providence
             ... invoked by an orc priest
              (17 damage)
             ... on level 3 of the Dungeon.
             The game lasted 00:06:21 (3546 turns).

namelastname112 the Scratcher (Felid Transmuter)    Turns: 3546, Time: 00:06:21

Health: -5/19      AC:  2    Str:  6    XL:     4   Next: 34%
Magic:  1/9        EV: 22    Int: 16    God:
Gold:   66         SH:  0    Dex: 21    Spells: 3 memorised, 2 levels left
                                        Lives:  0   Deaths: 1

rFire  . . .     SeeInvis +       - Unarmed
rCold  . . .     Gourm    .     (armour unavailable)
rNeg   . . .     Faith    +     (shield unavailable)
rPois  x         Spirit   .     (helmet unavailable)
rElec  .         Dismiss  .     (cloak unavailable)
rCorr  .         Reflect  .     (gloves unavailable)
SustAt .         Harm     .     (boots unavailable)
MR     .....                    j - amulet of faith
Stlth  +++.......               (no ring)
                                (no ring)

@: spider-form (expiring), very slightly contaminated, not resistant to hostile
enchantments, fairly stealthy
A: no armour, no weapons or thrown items, (claws 0), (fangs 0), see invisible,
carnivore 3, (speed 0), (shaggy fur 0), slow metabolism 1, (sharp paws)
a: End Transformation


You were on level 3 of the Dungeon.
You were not hungry.
You were a venomous arachnid creature.
You visited 1 branch of the dungeon, and saw 3 of its levels.

You collected 66 gold pieces.

Inventory:

Jewellery
 j - an amulet of faith (around neck)
Scrolls
 f - a scroll of noise {unknown}
 h - a scroll of identify {unknown}
 i - a scroll of enchant armour {unknown}
 k - a scroll of remove curse {unknown}
Potions
 e - 3 potions of flight {unknown}
 g - a potion of haste {unknown}
Books
 b - a book of Changes

   Spells                             Type                      Level
   a - Beastly Appendage              Transmutation                1
   b - Sticks to Snakes               Transmutation                2
   c - Spider Form                    Transmutation/Poison         3
   d - Ice Form                       Ice/Transmutation            4
   e - Blade Hands                    Transmutation                5
Comestibles
 c - a meat ration
 d - 2 beef jerkies


   Skills:
 + Level 2.1 Fighting
 + Level 3.3 Dodging
 + Level 2.2 Stealth
 * Level 4.3 Unarmed Combat
 - Level 2.7 Spellcasting
 - Level 2.8 Transmutations


You had 2 spell levels left.
You knew the following spells:

 Your Spells              Type           Power        Failure   Level  Hunger
a - Beastly Appendage     Trmt           ##....       21%         1    #......
c - Spider Form           Trmt/Pois      #.........   56%         3    ###....
x - Sticks to Snakes      Trmt           ##......     24%         2    ##.....


Dungeon Overview and Level Annotations

Branches:
Dungeon (3/15)

Altars:


Innate Abilities, Weirdness & Mutations

You cannot wear armour.
You are incapable of wielding weapons or throwing items.
((You have sharp claws.))
((You have razor-sharp teeth.))
You have supernaturally acute eyesight.
You are carnivorous and can eat meat at any time.
((You cover ground quickly.))
((You are covered in fur (AC +1).))
You have a slow metabolism.
((Your sharp claws are effective at attacking unaware monsters.))


Message History

The orc priest barely misses you.
You hit the orc priest.
The orc priest is poisoned.
The orc priest is lightly wounded.
The orc priest misses you.
You hit the orc priest but do no damage.
The orc priest looks even sicker.
The orc priest is lightly wounded.
The orc priest misses you.
You hit the orc priest but do no damage.
The orc priest looks even sicker.
The orc priest is lightly wounded.
You hit the orc priest.
The orc priest is heavily wounded.
The orc priest completely misses you.
You barely miss the orc priest.
The orc priest is heavily wounded.
The orc priest invokes the aid of Beogh against you.
Something smites you!
Ouch! That really hurt!
You die...

♣♣♣.♣.g..##†#
###.###
♣♣..#.)##.#
###.#
♣♣###.##.#
#...# #<)...#
#.### #######
#.# #.# #.#
########.#
#oos†..).#
#.########
#.# #o# #.#
... ... .#..#
.#..#


You could see an orc priest and an orc.

Vanquished Creatures
  An orc priest (D:3)
  Crazy Yiuf (D:3)
  5 adders
  A worm (D:3)
  3 giant geckos
  2 orcs (D:3)
  6 giant cockroaches
  11 goblins
  13 hobgoblins
  A ball python (D:2)
  9 bats
  5 giant newts
  5 kobolds
  12 rats
75 creatures vanquished.

Vanquished Creatures (collateral kills)
  A worm (D:1)
  A kobold (D:2)
2 creatures vanquished.

Grand Total: 77 creatures vanquished

Notes
Turn   | Place    | Note
--------------------------------------------------------------
     0 | D:1      | namelastname112 the Felid Transmuter began the quest for the Orb.
     0 | D:1      | Reached XP level 1. HP: 9/9 MP: 4/4
   415 | D:1      | Reached XP level 2. HP: 8/12 MP: 6/6
   425 | D:1      | Learned a level 2 spell: Sticks to Snakes
  1004 | D:1      | Reached XP level 3. HP: 8/15 MP: 2/7
  1146 | D:1      | Learned a level 3 spell: Spider Form
  2048 | D:2      | Reached XP level 4. HP: 13/19 MP: 9/9
  2985 | D:3      | Reached skill level 1 in Stealth
  3038 | D:3      | Noticed Crazy Yiuf
  3196 | D:3      | Killed Crazy Yiuf
  3312 | D:3      | Reached skill level 4 in Unarmed Combat
  3455 | D:3      | Reached XP level 5. HP: 17/22 MP: 6/10
  3465 | D:3      | Mangled by an orc priest
  3466 | D:3      | Reached XP level 4. HP: -6/19 MP: 8/9
  3546 | D:3      | Killed from afar by an orc priest

Vault maps used:
D:1:      sevenhm_arrival_forest_fort_large_4
D:3:      first_bread, uniq_grinder, uniq_crazy_yiuf_cottage

Action                   |  1- 3 |  4- 6 || total
-------------------------+-------+-------++-------
Melee: Unarmed           |   133 |    86 ||   219
 Cast: Beastly Appendage |     1 |       ||     1
       Sticks to Snakes  |     4 |     8 ||    12
       Spider Form       |     1 |     4 ||     5
 Stab: Sleeping          |     3 |     5 ||     8
  Eat: Chunk             |    10 |     3 ||    13
